 Dungeon Crawl Stone Soup version 0.16.1 (webtiles) character file.

6900 Ghalim the Basher (level 11, -1/72 HPs)
             Began as a Gargoyle Fighter on Apr 4, 2015.
             Was a High Priest of Okawaru.
             Slain by an alligator simulacrum (27 damage)
             ... in an ice cave.
             The game lasted 00:30:23 (13460 turns).

Ghalim the Basher (Gargoyle Fighter)               Turns: 13460, Time: 00:30:23

Health: -1/72      AC: 28    Str: 28    XL:     11   Next: 6%
Magic:  11/11      EV:  5    Int:  9    God:    Okawaru [*****.]
Gold:   672        SH: 11    Dex:  9    Spells: 0 memorised, 10 levels left

rFire  . . .     SeeInvis .     D - +2 flail (protect)
rCold  . . .     Clarity  .     q - +0 plate armour
rNeg   + . .     SustAb   +     c - +1 shield
rPois  ∞         Gourm    .     E - +0 helmet
rElec  +         Spirit   .     F - +0 cloak
rCorr  .         Warding  .     (no gloves)
rMut   .         Stasis   .     u - +0 pair of boots
MR     .....                    a - amulet of faith
Stlth  ..........               (no ring)
                                j - ring of sustain abilities

@: mighty, not resistant to hostile enchantments, extremely unstealthy
A: negative energy resistance 1, electricity resistance, unbreathing,
petrification resistance, rot immunity, AC +7
a: Heroism, Finesse, Renounce Religion


You were in an ice cave.
You worshipped Okawaru.
Okawaru was extremely pleased with you.
You were very hungry.

You visited 2 branches of the dungeon, and saw 11 of its levels.
You also visited: Ice Cave.

You collected 672 gold pieces.

Inventory:

Hand weapons
 D - a +2 flail of protection (weapon)
 L - the +12 battleaxe "Gruog" {flame, rF+, unknown}
   (Okawaru gifted it to you on level 10 of the Dungeon)

   It has been specially enchanted to burn those struck by it, causing extra
   injury to most foes and up to half again as much damage against particularly
   susceptible opponents.
   Big, fiery blades are also staple armaments of hydra-hunters.
   It protects you from fire.
Armour
 c - a +1 shield (worn)
 q - a +0 plate armour (worn)
 u - a +0 pair of boots (worn)
 E - a +0 helmet (worn)
 F - a +0 cloak (worn)
 K - a +1 ring mail of cold resistance
Jewellery
 a - an amulet of faith (around neck)
 j - a ring of sustain abilities (left hand)
Magical devices
 r - a wand of cold (6)
 y - a wand of confusion (32)
 z - a wand of polymorph (13)
 B - a wand of paralysis (9)
 C - a wand of slowing (23)
 G - a wand of disintegration (6)
 I - a wand of flame (37)
Scrolls
 k - a scroll of recharging
 l - a scroll of identify
 m - 4 scrolls of enchant armour
 p - 2 scrolls of remove curse
 w - a scroll of holy word {unknown}
 A - a scroll of amnesia {unknown}
 H - a scroll of immolation {unknown}
Potions
 e - a potion of might
 g - 3 potions of restore abilities
 h - a potion of cancellation
 o - 3 potions of curing
 s - a potion of heal wounds
 t - 2 potions of haste
 v - a potion of mutation
Books
 i - a book of Minor Magic

   Spells                             Type                      Level
   a - Magic Dart                     Conjuration                  1
   b - Blink                          Translocation                2
   c - Call Imp                       Summoning                    2
   d - Repel Missiles                 Charms/Air                   2
   e - Slow                           Hexes                        2
   f - Conjure Flame                  Conjuration/Fire             3
   g - Mephitic Cloud                 Conjuration/Poison/Air       3
Comestibles
 b - a beef jerky
 d - 9 bread rations
 f - 4 meat rations
 x - 3 fruits
 J - a royal jelly


   Skills:
 - Level 10.1 Fighting
 - Level 12.6 Maces & Flails
 + Level 5.7 Armour
 + Level 5.5 Shields


You had 10 spell levels left.
You didn't know any spells.

Dungeon Overview and Level Annotations

Branches:
Dungeon (10/15)            Temple (0/1) D:7            Lair (1/8) D:8
    Orc: D:9-12

Altars:
Ashenzari
Dithmenos
Fedhas
Gozag
Nemelex Xobeh
Okawaru
Trog
Yredelemnul
Zin
The Shining One

Annotations:
D:3 edsrzf's ghost, average MiFi
D:4 Prince Ribbit
D:7 edsrzf's ghost, experienced FoSk


Innate Abilities, Weirdness & Mutations

You are resistant to torment.
You are immune to poison.
Your stone body is very resilient (AC +7).
You resist negative energy.
You are resistant to electric shocks.
You can survive without breathing.
You are immune to petrification.
You are immune to rotting.


Message History

You hit the wolf simulacrum!
The wolf simulacrum vapourises!
Okawaru accepts your kill.
You hit the alligator simulacrum.
The elephant simulacrum barely misses you.
You block the elephant simulacrum's attack.
You block the alligator simulacrum's attack. x2
You hit the alligator simulacrum. You hit the alligator simulacrum.
You block the elephant simulacrum's attack.
The elephant simulacrum trunk-slaps you but does no damage.
The alligator simulacrum bites you but does no damage.
The alligator simulacrum tail-slaps you.
The alligator simulacrum freezes you!!
Drink which item? (? for menu, Esc to quit)
You feel very mighty all of a sudden.
You block the elephant simulacrum's attack.
The elephant simulacrum trunk-slaps you but does no damage.
The alligator simulacrum bites you. The alligator simulacrum freezes you!!
You die...

##..
##...
##...
#Z..#
...##
#...#
##...##
##Z....##
#@Z.∩...#
#.......#
##..∩..##
##...##
#####


You could see an alligator simulacrum and an elephant simulacrum.

Vanquished Creatures
  The ghost of edsrzf the Protected, a powerful FoSk of Okawaru (D:10)
  A gargoyle (D:10)
  A two-headed ogre (D:9)
  A spriggan (D:8)
  Edmund (D:7)
  2 black bears
  2 ice beasts (D:8)
  2 sky beasts
  4 ogres
  2 phantoms
  2 necrophages (D:8)
  5 orc warriors
  3 boring beetles
  3 crocodiles
  2 centaurs
  2 big kobolds
  A wyvern zombie (D:10)
  Blork the orc (D:7)
  3 giant frogs
  A wyvern skeleton (D:4)
  3 scorpions
  20 killer bees
  The ghost of edsrzf the Charmwright, a weakling FoSk (D:4)
  2 crimson imps
  A centaur zombie (D:6)
  5 hounds
  A giant frog zombie (D:6)
  A giant frog skeleton (D:8)
  2 jellies (D:9)
  A centaur skeleton (D:8)
  8 orc priests
  12 orc wizards
  A quasit (D:10)
  3 iguanas
  2 wolf simulacra (IceCv)
  7 worker ants
  Ijyb (D:4)
  A hound zombie (D:5)
  A mummy (D:6)
  A worker ant zombie (D:9)
  14 adders
  3 giant mites
  11 white imps (Lair:1)
  2 shadow imps
  A worm (D:3)
  An ooze (D:3)
  51 orcs
  2 ball pythons (D:1)
  12 hobgoblins
  7 jackals
  17 kobolds
  5 quokkas
  A ball python zombie (D:5)
  11 bats
  3 giant cockroaches
  A giant gecko skeleton (D:5)
  3 giant newts
  16 goblins
  A quokka skeleton (D:7)
  21 rats
297 creatures vanquished.

Notes
Turn   | Place    | Note
--------------------------------------------------------------
     0 | D:1      | Ghalim, the Gargoyle Fighter, began the quest for the Orb.
     0 | D:1      | Reached XP level 1. HP: 14/14 MP: 1/1
   176 | D:1      | Reached XP level 2. HP: 19/19 MP: 2/2
   701 | D:2      | Reached XP level 3. HP: 22/24 MP: 3/3
   839 | D:2      | Found an opulent altar of Gozag.
  1048 | D:2      | Reached skill level 4 in Fighting
  1191 | D:2      | Found a shattered altar of Ashenzari.
  1192 | D:2      | Found a glowing silver altar of Zin.
  1425 | D:3      | Noticed edsrzf's ghost (average MiFi)
  1501 | D:2      | Reached XP level 4. HP: 29/29 MP: 4/4
  1548 | D:3      | Found a shadowy altar of Dithmenos.
  2330 | D:4      | Reached XP level 5. HP: 30/34 MP: 5/5
  2600 | D:4      | Noticed a phantom
  2675 | D:4      | Reached skill level 5 in Maces & Flails
  2686 | D:4      | Reached XP level 6. HP: 20/40 MP: 6/6
  3022 | D:4      | Noticed Prince Ribbit
  3118 | D:4      | Noticed edsrzf's ghost (weakling FoSk)
  3156 | D:4      | Killed edsrzf's ghost
  3156 | D:4      | Reached skill level 5 in Fighting
  3196 | D:4      | Noticed Ijyb
  3222 | D:4      | Killed Ijyb
  3433 | D:4      | Reached skill level 6 in Maces & Flails
  3498 | D:4      | Reached XP level 7. HP: 37/44 MP: 7/7
  3596 | D:5      | Entered Level 5 of the Dungeon
  3707 | D:5      | Found a bloodstained altar of Trog.
  3763 | D:5      | Found a sparkling altar of Nemelex Xobeh.
  3766 | D:5      | Found a blossoming altar of Fedhas.
  4365 | D:5      | Found an iron altar of Okawaru.
  4376 | D:5      | Became a worshipper of Warmaster Okawaru
  4853 | D:6      | Reached skill level 7 in Maces & Flails
  5237 | D:6      | Reached XP level 8. HP: 27/51 MP: 8/8
  5608 | D:6      | Reached skill level 8 in Maces & Flails
  6120 | D:6      | Noticed Edmund
  6153 | D:7      | Killed Edmund
  6483 | D:6      | Acquired Okawaru's first power
  6679 | D:6      | Reached skill level 9 in Maces & Flails
  7453 | D:7      | Reached XP level 9. HP: 55/57 MP: 9/9
  7523 | D:7      | Noticed edsrzf's ghost (experienced FoSk)
  7821 | D:7      | Noticed Blork the orc
  7838 | D:7      | Killed Blork the orc
  8445 | D:7      | Reached skill level 10 in Maces & Flails
  9017 | D:8      | Found a staircase to the Lair.
  9294 | D:7      | Found a staircase to the Ecumenical Temple.
  9924 | D:8      | Reached skill level 11 in Maces & Flails
 10237 | D:8      | Reached XP level 10. HP: 48/66 MP: 10/10
 11407 | D:9      | Found a basalt altar of Yredelemnul.
 11408 | D:9      | Noticed a profane servitor
 11419 | D:9      | Found a glowing golden altar of the Shining One.
 11420 | D:9      | Noticed an angel
 11494 | D:9      | Reached skill level 12 in Maces & Flails
 12136 | D:10     | Entered Level 10 of the Dungeon
 12377 | D:10     | Reached skill level 10 in Fighting
 12805 | D:10     | Noticed edsrzf's ghost (powerful FoSk)
 12810 | D:10     | Acquired Okawaru's second power
 13120 | D:10     | Killed edsrzf's ghost
 13120 | D:10     | Received a gift from Okawaru
 13120 | D:10     | Reached skill level 5 in Armour
 13120 | D:10     | Reached skill level 5 in Shields
 13120 | D:10     | Reached XP level 11. HP: 56/72 MP: 11/11
 13121 | D:10     | Got a pitted battleaxe {god gift}
 13270 | D:10     | Noticed a hill giant
 13347 | Lair:1   | Entered Level 1 of the Lair of Beasts
 13388 | Lair:1   | Found a frozen archway.
 13447 | IceCv    | Entered an ice cave
 13460 | IceCv    | Slain by an alligator simulacrum

Action                   |  1- 3 |  4- 6 |  7- 9 | 10-12 || total
-------------------------+-------+-------+-------+-------++-------
Melee: Flail             |   101 |   226 |   659 |   473 ||  1459
  Use: Scroll            |     1 |    10 |     5 |     3 ||    19
       Potion            |       |       |     1 |     1 ||     2
  Eat: Chunk             |     2 |     7 |    17 |    10 ||    36
       Royal jelly       |       |       |     1 |       ||     1
       Pizza             |       |       |     1 |       ||     1
       Beef jerky        |       |       |     1 |       ||     1
